 Dungeon Sprint DCSS version 0.29.1-2-gbd0b4ee654 (webtiles) character file.

Game seed: 907072066091506917

21029 Groucho the Naga Aeon (level 12, -26/132 HPs)
             Began as a Naga Fighter on Oct 28, 2022.
             Was the Champion of Cheibriados.
             Annihilated by an orc knight
             ... wielding a +2 antimagic bardiche
              (29 damage)
             ... in the Dungeon (Sprint VII: "The Pits").
             The game lasted 00:09:40 (6084 turns).

Groucho the Naga Aeon (Naga Fighter)                Turns: 6084, Time: 00:09:41

Health: -26/132    AC: 19    Str: 34    XL:     12   Next: 85%
Magic:  6/24       EV: 13    Int: 28    God:    Cheibriados [******]
Gold:   47         SH:  9    Dex: 26    Spells: 11/11 levels left

rFire   . . .      SeeInvis +   t - +1 broad axe (vorpal)
rCold   . . .      Faith    .   c - +0 buckler
rNeg    . . .      Spirit   .   u - +4 chain mail
rPois   +          Reflect  .   (no helmet)
rElec   .          Harm     .   C - +0 cloak
rCorr   .          Rampage  .   q - +0 pair of gloves
Will    +....      NoTele   +   (no barding)
Stlth   ..........              (no amulet)
HPRegen 0.32/turn               b - +3 ring of evasion
MPRegen 0.19/turn               j - +3 ring of evasion

@: very slow
A: AC +4, large, see invisible, deformed body, poison resistance, slowness 2,
spit poison 1, naga tail 1
a: Spit Poison, Renounce Religion, Bend Time, Temporal Distortion, Slouch, Step
From Time


You were in the Dungeon.
You worshipped Cheibriados.
Cheibriados was exalted by your worship.
You visited 1 branch You collected 47 gold pieces.

Inventory:

Hand Weapons
 a - a +1 mace of protection
 t - a +1 vorpal broad axe (weapon)
Missiles
 o - 12 stones
Armour
 c - a +0 buckler (worn)
 q - a +0 pair of gloves (worn)
 u - a +4 chain mail (worn)
 C - a +0 cloak (worn)
Jewellery
 b - a +3 ring of evasion (left hand)
 j - a +3 ring of evasion (right hand)
 v - a ring of protection from fire
 w - a ring of fire
Wands
 k - a wand of flame (16)
 B - a wand of paralysis (7)
Scrolls
 m - 5 scrolls of amnesia
 n - a scroll of summoning
 p - 3 scrolls of vulnerability
 x - 2 scrolls of blinking
 y - 4 scrolls of enchant armour
 z - 3 scrolls of fear
 A - 2 scrolls of enchant weapon
Potions
 d - 2 potions of might
 e - 14 potions of curing
 f - 6 potions of heal wounds
 g - 2 potions of haste
 h - 3 potions of magic
 i - 5 potions of berserk rage
 l - 2 potions of invisibility
 r - 4 potions of resistance
 s - a potion of brilliance


   Skills:
 + Level 15.2 Fighting
 + Level 15.1 Axes
 + Level 13.0 Armour
 + Level 14.1 Shields
 + Level 16.1 Invocations


You had 11 spell levels left.
You didn't know any spells.
Your spell library contained the following spells:

 Spells                   Type           Power      Damage    Failure   Level
 Static Discharge         Conj/Air       0%         3-3/arc   50%         2
 Lightning Bolt           Conj/Air       0%         1d11      100%        5
 Maxwell's Capacitive Co  Air            0%         ∞         100%        8


Dungeon Overview and Level Annotations

Branches:
Dungeon (1/1)

Altars:
Ashenzari
Cheibriados
Dithmenos
Elyvilon
Fedhas
Gozag
Hepliaklqana
Kikubaaqudgha
Makhleb
Nemelex Xobeh
Okawaru
Qazlal
Ru
Sif Muna
Trog
Uskayaw
Vehumet
Wu Jian
Xom
Yredelemnul
Zin
The Shining One
Jiyva
Lugonu


Innate Abilities, Weirdness & Mutations

Your serpentine skin is tough. (AC +4)
You have supernaturally acute eyesight. (SInv)
Armour fits poorly on your strangely shaped body.
Your system is resistant to poisons. (rPois)
You cover ground very slowly.
You can spit poison.
You have a snake-like lower body.


Message History

Unknown command.
Unknown command.
The death cob gives a chilling moan.
You slash the vault guard!
The vault guard is heavily wounded.
You block the vault guard's attack.
Unknown command.
Unknown command.
Unknown command.
You closely miss the vault guard.
The vault guard is heavily wounded.
The orc knight misses you.
The vault guard hits you with a +1 battleaxe of freezing!
The vault guard freezes you.
Unknown command.
Unknown command.
Activating: Slouch (0% risk of failure)
Press: ? - help, Dir - look around, f - activate You can feel time thicken for a moment.
The orc knight no longer looks unusually strong.
A ghost moth comes into view.
The vault guard hits you with a +1 battleaxe of freezing.
The vault guard freezes you.
* * * LOW HITPOINT WARNING * * *
The orc knight hits you with a +3 great sword!
* * * LOW HITPOINT WARNING * * *
A deep elf knight comes into view.
You block the orc knight's attack.
Unknown command.
Unknown command.
You feel much better.
The deep elf knight shouts!
The death cob hits you!!
* * * LOW HITPOINT WARNING * * *
The death cob hits you!!
* * * LOW HITPOINT WARNING * * *
The ghost moth stares at you.
You feel your power leaking away.
The orc knight hits you from afar with a +2 antimagic bardiche!!
You die...

++###############################
.................................
......).............)............
..##############''##############.
..# #..@z..# #) ..# #..po).# #.
..# #..o...# #. ..# ###).### #.
..# .).. #. ).# .y).e #. ..#
.)..# #. ..# #....# #. ..#


You could see a death cob, a ghost moth (invisible), a vault guard, 2 orc
knights and a deep elf knight.

Vanquished Creatures
  Donald (D)
  2 orc warlords (D)
  A vampire knight (D)
  A two-headed ogre (D)
  A death knight (D)
  An orc high priest (D)
  2 deep trolls (D)
  A swamp dragon (D)
  A flayed ghost (D)
  A bog body (D)
  8 orc knights (D)
  5 harpies (D)
  2 phantasmal warriors (D)
  A cyclops (D)
  An orc sorcerer (D)
  A merfolk siren (D)
  An elephant (D)
  A manticore (D)
  Maurice (D)
  A molten gargoyle (D)
  A gargoyle (D)
  2 unseen horrors (D)
  A hellwing (D)
  A freezing wraith (D)
  A red devil (D)
  A tyrant leech (D)
  A tarantella (D)
  2 vampire mosquitoes (D)
  A steam dragon (D)
  A chaos spawn (D)
  2 redbacks (D)
  2 water moccasins (D)
  An acid dragon (D)
  A floating eye (D)
  A swamp drake (D)
  Pargi (D)
  3 orc warriors (D)
  An ogre (D)
  A centaur (D)
  A phantom (D)
  A kobold brigand (D)
  Blork the orc (D)
  A gnoll sergeant (D)
  2 scorpions (D)
  9 wights (D)
  A hound (D)
  4 orc priests (D)
  An iron imp (D)
  A hell rat (D)
  An orc wizard (D)
  Ijyb (D)
  An iguana (D)
  A gnoll (D)
  An adder (D)
  A white imp (D)
  An adder simulacrum (D)
  12 orcs (D)
  An endoplasm (D)
  2 giant cockroaches (D)
  3 jackals (D)
  2 quokkas (D)
  A ball python skeleton (D)
  2 frilled lizards (D)
111 creatures vanquished.

Notes
Turn   | Place    | Note
-------+----------+-------------------------------------------
     0 | D        | Groucho the Naga Fighter began the quest for the Orb.
     0 | D        | Reached XP level 1. HP: 21/21 MP: 1/1
    44 | D        | Found a bloodstained altar of Trog.
    44 | D        | Found a shimmering blue altar of Sif Muna.
    44 | D        | Found a viscous altar of Jiyva.
    44 | D        | Found a hazy altar of Hepliaklqana.
    44 | D        | Found an opulent altar of Gozag.
    45 | D        | Found a glowing golden altar of the Shining One.
    45 | D        | Found a glowing silver altar of Zin.
    45 | D        | Found a basalt altar of Yredelemnul.
    45 | D        | Found a shimmering altar of Xom.
    45 | D        | Found an ornate altar of the Wu Jian Council.
    45 | D        | Found a sacrificial altar of Ru.
    45 | D        | Found a stormy altar of Qazlal.
    45 | D        | Found an iron altar of Okawaru.
    45 | D        | Found a sparkling altar of Nemelex Xobeh.
    45 | D        | Found a burning altar of Makhleb.
    45 | D        | Found a blossoming altar of Fedhas.
    45 | D        | Found a white marble altar of Elyvilon.
    45 | D        | Found a shadowy altar of Dithmenos.
    45 | D        | Found a snail-covered altar of Cheibriados.
    48 | D        | Found a corrupted altar of Lugonu.
    48 | D        | Found a radiant altar of Vehumet.
    49 | D        | Found an ancient bone altar of Kikubaaqudgha.
    49 | D        | Found a hide-covered altar of Uskayaw.
    49 | D        | Found a broken altar of Ashenzari.
    58 | D        | Became a worshipper of Cheibriados the Contemplative
    74 | D        | Noticed a floating eye
    76 | D        | Paralysed by a floating eye for 4 turns
    82 | D        | Killed a floating eye
    83 | D        | Reached skill level 5 in Fighting
    83 | D        | Reached skill level 4 in Invocations
    83 | D        | Reached XP level 2. HP: 32/32 MP: 1/5
    83 | D        | Reached XP level 3. HP: 39/39 MP: 1/6
    83 | D        | Reached XP level 4. HP: 46/46 MP: 1/7
   444 | D        | Noticed a scorpion
   449 | D        | Reached * piety under Cheibriados
   458 | D        | Killed a scorpion
   459 | D        | Reached skill level 5 in Axes
   459 | D        | Reached skill level 5 in Shields
   459 | D        | Reached XP level 5. HP: 44/55 MP: 8/8
   629 | D        | Reached ** piety under Cheibriados
   630 | D        | Reached skill level 5 in Invocations
   902 | D        | Reached *** piety under Cheibriados
  1059 | D        | Reached **** piety under Cheibriados
  1061 | D        | Reached ***** piety under Cheibriados
  1062 | D        | Reached skill level 5 in Armour
  1062 | D        | Reached XP level 6. HP: 29/63 MP: 3/10
  1447 | D        | Reached skill level 6 in Invocations
  1865 | D        | Noticed an orc sorcerer
  1868 | D        | Paralysed by an orc sorcerer for 3 turns
  1878 | D        | Paralysed by an orc sorcerer for 5 turns
  1886 | D        | Killed an orc sorcerer
  1887 | D        | Reached skill level 7 in Invocations
  1887 | D        | Reached XP level 7. HP: 58/74 MP: 10/12
  2061 | D        | Reached skill level 8 in Invocations
  2063 | D        | Reached XP level 8. HP: 79/81 MP: 12/14
  2066 | D        | Reached ****** piety under Cheibriados
  2104 | D        | Noticed a tyrant leech
  2111 | D        | Killed a tyrant leech
  2333 | D        | Noticed Ijyb
  2333 | D        | Noticed a phantasmal warrior
  2334 | D        | Killed Ijyb
  2335 | D        | Killed a phantasmal warrior
  2336 | D        | Reached skill level 9 in Invocations
  2336 | D        | Reached XP level 9. HP: 92/92 MP: 4/16
  2752 | D        | Noticed a manticore
  2754 | D        | Reached skill level 10 in Invocations
  2755 | D        | Killed a manticore
  2756 | D        | Reached skill level 10 in Fighting
  3100 | D        | Reached skill level 10 in Axes
  3104 | D        | Noticed Blork the orc
  3105 | D        | Killed Blork the orc
  3106 | D        | Noticed a hellwing
  3114 | D        | Killed a hellwing
  3115 | D        | Reached skill level 11 in Invocations
  3365 | D        | Noticed a bog body
  3368 | D        | Reached XP level 10. HP: 56/103 MP: 12/18
  3368 | D        | Killed a bog body
  3369 | D        | Reached skill level 10 in Shields
  3757 | D        | Noticed a swamp dragon
  3757 | D        | Noticed a flayed ghost
  3757 | D        | Noticed a death knight
  3759 | D        | Killed a flayed ghost
  3760 | D        | Reached skill level 12 in Invocations
  3760 | D        | Killed a death knight
  3760 | D        | Killed a swamp dragon
  3761 | D        | Reached skill level 10 in Armour
  3777 | D        | Noticed an orc high priest
  3785 | D        | Killed an orc high priest
  3786 | D        | Reached XP level 11. HP: 80/114 MP: 3/20
  4146 | D        | Noticed a deep troll
  4146 | D        | Noticed Pargi
  4146 | D        | Noticed a cyclops
  4147 | D        | Noticed a deep troll
  4150 | D        | Killed Pargi
  4153 | D        | Killed a deep troll
  4154 | D        | Reached skill level 13 in Invocations
  4155 | D        | Killed a deep troll
  4156 | D        | Killed a cyclops
  4597 | D        | Noticed a phantasmal warrior
  4607 | D        | Killed a phantasmal warrior
  4895 | D        | Noticed a two-headed ogre
  4898 | D        | Killed a two-headed ogre
  4899 | D        | Reached skill level 14 in Invocations
  5216 | D        | Noticed Maurice
  5216 | D        | Noticed a harpy
  5217 | D        | Noticed a harpy
  5217 | D        | Noticed a harpy
  5217 | D        | Noticed a harpy
  5217 | D        | Noticed a harpy
  5218 | D        | Killed a harpy
  5218 | D        | Killed a harpy
  5218 | D        | Killed a harpy
  5218 | D        | Killed a harpy
  5220 | D        | Killed a harpy
  5221 | D        | Killed Maurice
  5222 | D        | Reached XP level 12. HP: 123/127 MP: 1/22
  6070 | D        | Noticed Donald
  6071 | D        | Noticed a vampire knight
  6072 | D        | Noticed an orc warlord
  6072 | D        | Noticed an orc warlord
  6075 | D        | Killed Donald
  6076 | D        | Reached skill level 15 in Invocations
  6076 | D        | Killed a vampire knight
  6077 | D        | Noticed a vault guard
  6079 | D        | Killed an orc warlord
  6079 | D        | Killed an orc warlord
  6080 | D        | Reached skill level 15 in Fighting
  6080 | D        | Reached skill level 15 in Axes
  6080 | D        | Reached skill level 16 in Invocations
  6080 | D        | Noticed a death cob
  6083 | D        | Noticed a ghost moth
  6083 | D        | Noticed a deep elf knight
  6084 | D        | HP: 3/132 [death cob (22)]
  6084 | D        | Annihilated by an orc knight

Illustrated notes

Levels and vault maps discovered:
D:        pitsprint [storerooms_1, entrance_room_1, metal_vault_2, armoury_1,
          mini_pit_1, grid_room_1, main_hall_1, silver_pit, the_coven_2,
          the_vestibule_1, steel_vault_1, golden_pit, hallway_of_sentries,
          crystal_vault_1, iron_vault_5, final_vault]

Skill      XL: |  1  2  3  4  5  6  7  8  9 10 11 12 |
---------------+-------------------------------------+-----
Fighting       | 5 6 8 9 10 12 13 15 | 15.2
Axes           | 4 5 7 9 10 12 13 15 | 15.1
Armour         | 4 5 6 7 9 10 11 13 | 13.0
Shields        | 4 5 7 8 9 11 12 14 | 14.1
Invocations    | 4 5 7 8 9 11 12 14 16 | 16.1

Action                   |  1- 3 |  4- 6 |  7- 9 | 10-12 || total
-------------------------+-------+-------+-------+-------++-------
Melee: Hand axe          |     5 |    70 |    16 |       ||    91
       War axe           |     1 |       |       |       ||     1
       Broad axe         |       |       |     7 |    42 ||    49
Invok: Slouch            |       |     1 |    12 |    24 ||    37
  Use: Potion            |       |     1 |       |     3 ||     4
       Scroll            |       |     1 |       |       ||     1
Armor: Scale mail        |       |    11 |       |       ||    11
       Chain mail        |       |    28 |    13 |    18 ||    59
Dodge: Dodged            |       |    24 |    15 |    34 ||    73
Block: Buckler           |     1 |    23 |    10 |    34 ||    68
